 Dungeon Crawl Stone Soup version 0.31-a0-1204-ge2c1a860ed (webtiles) character file.

Game seed: 7117495988457049858

61103 avis the Apostle (level 15, -13/141 HPs)
             Began as a Hill Orc Monk on Dec 13, 2023.
             Was a High Priest of Beogh.
             Killed from afar by a fire dragon (57 damage)
             ... with a blast of flame
             ... on level 14 of the Dungeon.
             The game lasted 02:25:04 (24254 turns).

avis the Apostle (Hill Orc Monk)                   Turns: 24254, Time: 02:25:05

Health: -13/141    AC: 15    Str: 22    XL:     15   Next: 1%
Magic:  27/27      EV: 13    Int: 16    God:    Beogh [*****.]
Gold:   2324       SH:  0    Dex: 13    Spells: 14/14 levels left

rFire   . . .        a - +5 lajatang (spect)
rCold   . . .        (shield currently unavailable)
rNeg    . . .        k - +3 troll leather armour {Snorg}
rPois   .            U - +0 helmet
rElec   .            F - +0 cloak
rCorr   .            x - +2 pair of gloves "Foabloc" {Regen+ Stlth+}
SInv    .            o - +0 pair of boots
Will    +....        i - amulet of magic regeneration
Stlth   +            n - +4 ring of slaying
HPRegen 2.03/turn    Q - +6 ring of strength
MPRegen 0.60/turn

%: no passive effects
@: on fire, glowing
A: walk on water
a: Renounce Religion, Smiting, Recall Orcish Followers, Give Item to Named
Follower


You were on level 14 of the Dungeon.
You worshipped Beogh.
Beogh was extremely pleased with you.
You visited 3 branches of the dungeon, and saw 20 of its levels.
You also visited: Ossuary.

You collected 3318 gold pieces.
You spent 994 gold pieces at shops.

Inventory:

Hand Weapons
 a - a +5 spectral lajatang (weapon)
 b - a +0 arbalest
 t - a +2 lajatang of venom
 w - a +2 quarterstaff of chaos
 y - a +0 spear of flaming
 z - a +0 broad axe
 C - a +0 broad axe
 I - a +0 arbalest
 J - a +2 glaive
 N - a +0 spear
Missiles
 X - 2 throwing nets
Armour
 k - a +3 troll leather armour (worn) {Snorg}
 o - a +0 pair of boots (worn)
 x - the +2 pair of gloves "Foabloc" (worn) {Regen+ Stlth+}
   (You bought it in a shop on level 3 of the Dungeon)

   Regen+:    It increases your rate of health regeneration.
   Stlth+:    It makes you more stealthy.
 F - a +0 cloak (worn)
 U - a +0 helmet (worn)
Jewellery
 d - the ring of Incredulity {*Corrode rN+ Str+5 Int+2}
   (You found it on level 1 of the Lair of Beasts)

   [ring of positive energy]

   Str+5:     It affects your strength (+5).
   Int+2:     It affects your intelligence (+2).
   rN+:       It protects you from negative energy.
   *Corrode:  It may corrode you when you take damage.
 i - an amulet of magic regeneration (around neck)
 m - a +5 ring of evasion
 n - a +4 ring of slaying (left hand)
 v - a ring of protection from cold
 E - an amulet of reflection
 M - a ring of wizardry
 P - a +6 ring of intelligence
 Q - a +6 ring of strength (right hand)
Wands
 c - a wand of roots (18)
 g - a wand of digging (5)
 h - a wand of mindburst (11)
 A - a wand of light (8)
 D - a wand of flame (23)
 H - a wand of polymorph (4)
Scrolls
 f - a scroll of revelation
 j - 7 scrolls of teleportation
 p - 2 scrolls of blinking
 s - a scroll of poison
 B - 2 scrolls of amnesia
 G - a scroll of immolation
 K - a scroll of identify
Potions
 e - 2 potions of cancellation
 l - 2 potions of heal wounds
 q - 2 potions of curing
 r - 2 potions of berserk rage
 u - a potion of ambrosia
 L - a potion of mutation


   Skills:
 - Level 15.0 Fighting
 - Level 5.0 Axes
 - Level 14.0 Staves
 - Level 10.0 Armour
 - Level 5.0 Dodging
 - Level 2.0 Necromancy
 * Level 17.5 Invocations


You had 14 spell levels left.
You didn't know any spells.
Your spell library contained the following spells:

 Spells                   Type           Power      Damage    Failure   Level
 Necrotise                Necr           24%        1d5       12%         1
 Apportation              Tloc           0%         N/A       28%         1
 Magic Dart               Conj           0%         1d3       28%         1
 Shock                    Conj/Air       0%         1d3       28%         1
 Summon Small Mammal      Summ           0%         N/A       28%         1
 Vampiric Draining        Necr           6%         2d6       36%         3
 Call Imp                 Summ           0%         N/A       38%         2
 Ensorcelled Hibernation  Hex/Ice        0%         N/A       38%         2
 Jinxbite                 Hex            0%         N/A       38%         2
 Passwall                 Tmut/Erth      0%         N/A       38%         2
 Dazzling Flash           Conj/Hex       0%         N/A       63%         3
 Ignite Poison            Fire/Tmut/Pois 0%         N/A       63%         3
 Mephitic Cloud           Conj/Pois/Air  0%         N/A       63%         3
 Swiftness                Air            0%         N/A       63%         3
 Tukima's Dance           Hex            0%         N/A       63%         3
 Volatile Blastmotes      Fire/Tloc      0%         2d10      63%         3
 Airstrike                Air            0%         2d(0-16)  95%         4
 Passage of Golubria      Tloc           0%         N/A       95%         4
 Sticky Flame             Conj/Fire      0%         2d3       95%         4
 Agony                    Necr           6%         N/A       98%         5
 Alistair's Intoxication  Tmut/Pois      0%         N/A       100%        5
 Yara's Violent Unravell  Hex/Tmut       0%         3d3       100%        5
 Starburst                Conj/Fire      0%         6d3       100%        6
 Ignition                 Fire           0%         3d3       100%        8
 Maxwell's Capacitive Co  Air            0%         ∞         100%        8


Dungeon Overview and Level Annotations

Branches:
Dungeon (14/15)            Temple (1/1) D:5            Lair (5/5) D:11
 Shoals (0/4) Lair:3        Snake (0/4) Lair:2        Slime (0/5) Lair:4
    Orc (0/2) D:10        Ossuary (visited)
 Vaults: D:13-14

Altars:
Ashenzari
Cheibriados
Dithmenos
Elyvilon
Fedhas
Gozag
Hepliaklqana
Kikubaaqudgha
Makhleb
Nemelex Xobeh
Okawaru
Qazlal
Ru
Sif Muna
Trog
Uskayaw
Vehumet
Wu Jian
Xom
Yredelemnul
Zin
The Shining One
Beogh
Jiyva

Shops:
D:2 :*   D:3 [   D:4 *

Annotations:
D:12 3 runed translucent doors, Sabo's ghost, journeyman HOMo
D:14 3 runed translucent doors
Lair:4 2 transporters, servayboy121's ghost, journeyman MiBe


Message History

You hit the fire elemental.
The fire elemental is lightly damaged.
Your +5 spectral lajatang hits the fire elemental!!
The fire elemental barely misses your +5 spectral lajatang.
The fire dragon breathes flames at you.
The blast of flame hits the fire elemental.
The fire elemental completely resists.
The blast of flame hits you!! The smoke demon gestures at you.
The sticky flame hits you!
You are covered in liquid flames!
The sun demon hits you!
You are engulfed in flames!
You hear a roar!
You barely miss the fire elemental.
The fire elemental is severely damaged.
Your +5 spectral lajatang hits the fire elemental!!!
You destroy the fire elemental!
Beogh accepts your kill.
Your orc knight looks more experienced.
You are covered in liquid flames!
Bogwald closely misses the sun demon.
The fire dragon bites your +5 spectral lajatang!
Your spectral weapon shares its damage with you!
The fire dragon misses your +5 spectral lajatang.
The fire dragon tramples your +5 spectral lajatang but does no damage.
Your orc knight barely misses the sun demon.
The smoke demon hits you but does no damage. x2
The smoke demon barely misses you.
The efreet barely misses your +5 spectral lajatang.
Your +5 spectral lajatang is engulfed in blazing flames.
The sun demon hits you.
You are engulfed in flames!
You slash the sun demon!
The sun demon is lightly wounded.
Your +5 spectral lajatang misses the sun demon.
You are covered in liquid flames!
* * * LOW HITPOINT WARNING * * *
Bogwald closely misses the sun demon.
The fire dragon breathes flames at you.
The blast of flame misses your +5 spectral lajatang.
The blast of flame hits you!!!
You die...

.. #.# #...
.... #.. ....
#.. ... #.# ..
###. ##..#....
.##.#.
###@(°R°⌠|⌠
..#...
##.o33.D.:#)
......
##.o#.....°:⌠
#... ###
##...##..#....
#... #.#
##...## #.#
... ##... #o##
##...## #.. ..
#....
##.####...##
###.. . ##...
##..[...##
#.###.. ###.
##.#....##
#...# #.## #.


You could see a fire dragon (catching breath), a sun demon (ally target), a
smoke demon, an efreet, a friendly orc knight, a friendly +5 spectral lajatang
and the friendly Bogwald the orc priest (strong).

Vanquished Creatures
  Gastronok (Lair:3)
  Snorg (D:11)
  Harold (Lair:1)
  2 hydras (Lair:5)
  2 catoblepae (Lair:5)
  12 death yaks
  2 centaur warriors
  2 boulder beetles
  3 two-headed ogres
  A tengu warrior (D:14)
  2 skysharks
  Amaemon (Lair:1)
  A fire crab (Lair:5)
  A deep elf pyromancer (D:13)
  5 ugly things
  2 cyclopes (D:12)
  Maurice (D:12)
  3 manticores
  A merfolk siren (Lair:3)
  3 black mambas
  7 elephants
  Joseph (D:7)
  5 cane toads
  A torpor snail (Lair:1)
  An orange demon (Lair:1)
  A gargoyle (D:12)
  An unseen horror (D:11)
  4 rime drakes
  A rime drake (shapeshifter) (D:14)
  Jeremiah (D:9)
  A komodo dragon (Lair:5)
  Psyche (D:8)
  A tengu conjurer (D:14)
  2 trolls
  3 meliai (D:14)
  A merfolk (Lair:3)
  A polar bear (Lair:4)
  A hornet (D:8)
  3 blink frogs (Lair:5)
  7 slime creatures
  4 wyverns
  3 vampires
  23 yaks
  A wraith (D:11)
  5 humans (D:8)
  6 steam dragons
  3 basilisks
  A fire elemental (D:14)
  7 vampire mosquitoes
  2 nagas (Lair:2)
  3 wargs (D:13)
  24 water moccasins
  2 black bears
  A sky beast (D:7)
  3 ice beasts
  2 ogres (D:6)
  2 orc warriors
  8 wolves
  5 centaurs
  2 phantoms
  2 kobold brigands
  A scorpion (D:4)
  11 bullfrogs
  13 wights
  12 water moccasin zombies (Ossuary)
  9 killer bees
  4 howler monkeys
  An electric eel (D:13)
  A vampire bat (Lair:1)
  6 hounds
  6 jellies
  An orc priest (D:4)
  Crazy Yiuf (D:7)
  3 gnoll boudas
  2 iguanas
  A spectral scorpion (Ossuary)
  Jessica (D:2)
  4 sleepcaps
  9 orc wizards
  10 hell rats
  A crocodile zombie (Ossuary)
  3 mummies
  18 gnolls
  19 adders
  8 river rats (Lair:1)
  2 shadow imps
  2 white imps
  4 ufetubi
  3 adder zombies (Ossuary)
  3 worms
  3 dart slugs (D:5)
  25 orcs
  9 bats
  4 endoplasms
  3 giant cockroaches
  4 goblins
  4 hobgoblins
  6 jackals
  3 quokkas
  16 ball pythons
  5 frilled lizards
  3 gnoll zombies (Ossuary)
  A goblin zombie (D:4)
  8 hobgoblin zombies (Ossuary)
  9 kobolds
  2 kobold zombies (Ossuary)
  3 orc zombies
  9 rats
476 creatures vanquished.

Vanquished Creatures (collateral kills)
  A catoblepas (Lair:5)
  3 boulder beetles
  3 death yaks (Lair:5)
  A manticore (Lair:5)
  4 ugly things
  2 elephants
  2 black mambas
  4 cane toads
  A kobold demonologist (D:11)
  A rime drake (Lair:5)
  2 komodo dragons
  2 trolls
  2 merfolk (Lair:3)
  A polar bear (Lair:4)
  A blink frog (Lair:5)
  A jumping spider (shapeshifter) (D:11)
  5 slime creatures
  A vampire (D:12)
  8 yaks
  A wraith (D:13)
  3 vampire mosquitoes
  2 nagas (Lair:2)
  A warg (D:13)
  7 water moccasins
  An orc warrior (D:13)
  3 wolves
  A bullfrog (Lair:3)
  2 gnoll sergeants (D:11)
  A killer bee (D:11)
  A vampire bat (Lair:1)
  A howler monkey (D:11)
  5 hell rats
  A gnoll (D:11)
  3 adders (Lair:3)
  2 river rats (Lair:1)
  2 bats (Lair:1)
  A kobold (D:11)
83 creatures vanquished.

Vanquished Creatures (others)
  A yak (D:12)
  2 orc warriors
  A killer bee (D:7)
  An orc (D:10)
  A spectral weapon (Lair:5)
6 creatures vanquished.

Grand Total: 565 creatures vanquished

Notes
Turn   | Place    | Note
-------+----------+-------------------------------------------
     0 | D:1      | avis the Hill Orc Monk began the quest for the Orb.
     0 | D:1      | Reached XP level 1. HP: 19/19 MP: 1/1
   101 | D:1      | Reached XP level 2. HP: 26/27 MP: 2/2
   857 | D:1      | Reached XP level 3. HP: 24/35 MP: 3/3
   867 | D:1      | Reached skill level 5 in Fighting
   967 | D:2      | Found Pufec's Book Emporium.
  1201 | D:2      | Learned a level 1 spell: Necrotise
  1419 | D:2      | Noticed Jessica
  1419 | D:2      | Found a roughly hewn altar of Beogh.
  1430 | D:2      | Reached skill level 5 in Axes
  1438 | D:2      | Killed Jessica
  1439 | D:2      | Reached skill level 1 in Necromancy
  1439 | D:2      | Reached XP level 4. HP: 42/42 MP: 4/4
  1463 | D:2      | Found a faded altar of an unknown god.
  1741 | D:2      | Found Kyeh Yts's General Store.
  1911 | D:3      | Found Bimuynnemm's Armour Shoppe.
  2240 | D:2      | Reached skill level 1 in Armour
  2287 | D:2      | Reached XP level 5. HP: 29/48 MP: 5/5
  2793 | D:3      | Found a sacrificial altar of Ru.
  3374 | D:4      | Found Wioxeang's General Store.
  3382 | D:4      | Reached XP level 6. HP: 56/56 MP: 6/6
  3450 | D:4      | Found a sand-covered staircase.
  3463 | Ossuary  | Entered an ossuary
  3591 | Ossuary  | Reached XP level 7. HP: 57/64 MP: 7/7
  3652 | Ossuary  | Reached skill level 5 in Armour
  3776 | Ossuary  | Reached XP level 8. HP: 72/75 MP: 8/8
  4078 | D:2      | Became a worshipper of Beogh the Brigand
  4078 | D:2      | Reached * piety under Beogh
  4078 | D:2      | Reached ** piety under Beogh
  4646 | D:5      | Entered Level 5 of the Dungeon
  5012 | D:5      | Found a staircase to the Ecumenical Temple.
  5025 | D:4      | Reached skill level 10 in Fighting
  5025 | D:4      | Reached skill level 1 in Invocations
  5151 | Temple   | Entered the Ecumenical Temple
  5297 | D:5      | Found a glowing golden altar of the Shining One.
  5300 | D:5      | Reached skill level 2 in Invocations
  5354 | D:5      | Reached skill level 3 in Invocations
  5450 | D:5      | Reached skill level 4 in Invocations
  5567 | D:5      | Reached skill level 5 in Invocations
  5745 | D:5      | Reached skill level 6 in Invocations
  5745 | D:5      | Reached XP level 9. HP: 42/85 MP: 13/13
  6343 | D:5      | Reached skill level 7 in Invocations
  6560 | D:6      | Reached skill level 8 in Invocations
  6759 | D:6      | Reached skill level 9 in Invocations
  6916 | D:6      | Found a sparkling altar of Nemelex Xobeh.
  7066 | D:6      | Reached skill level 10 in Invocations
  7992 | D:7      | Noticed Joseph
  8068 | D:6      | Reached XP level 10. HP: 78/92 MP: 17/17
  8181 | D:7      | Killed Joseph
  8182 | D:7      | Reached skill level 11 in Invocations
  8332 | D:7      | Found a shimmering altar of Xom.
  8355 | D:7      | Reached skill level 1 in Staves
  8775 | D:7      | Reached *** piety under Beogh
  8891 | D:7      | Found a snail-covered altar of Cheibriados.
  8951 | D:7      | Found a runed translucent door.
  8952 | D:7      | Noticed Crazy Yiuf
  8957 | D:7      | Killed Crazy Yiuf
  9040 | D:7      | Found a bloodstained altar of Trog.
  9622 | D:8      | Noticed a manticore
  9636 | D:8      | Killed a manticore
  9637 | D:8      | Reached skill level 5 in Staves
 10266 | D:9      | Noticed Psyche
 10406 | D:8      | Killed Psyche
 10606 | D:9      | Found a white marble altar of Elyvilon.
 10619 | D:9      | Reached XP level 11. HP: 97/102 MP: 19/19
 10801 | D:9      | Noticed a two-headed ogre
 10802 | D:9      | Noticed a cyan ugly thing
 10808 | D:9      | Killed a two-headed ogre
 10819 | D:9      | Killed a cyan ugly thing
 11182 | D:9      | Noticed Jeremiah
 11197 | D:9      | Killed Jeremiah
 11460 | D:9      | Found an ornate altar of the Wu Jian Council.
 11937 | D:10     | Entered Level 10 of the Dungeon
 12060 | D:10     | Noticed a two-headed ogre
 12067 | D:10     | Killed a two-headed ogre
 12508 | D:10     | Found a staircase to the Orcish Mines.
 12853 | D:10     | Reached skill level 10 in Staves
 13348 | D:11     | Noticed a white ugly thing
 13356 | D:11     | Killed a white ugly thing
 13625 | Temple   | Identified a scroll of acquirement
 13720 | D:2      | Bought a +3 spectral lajatang for 654 gold pieces
 13871 | D:11     | Noticed Snorg
 13883 | D:11     | HP: 3/104 [Snorg (10)]
 13885 | D:11     | Killed Snorg
 14296 | D:11     | Noticed a death yak
 14296 | D:11     | Noticed a death yak
 14296 | D:11     | Noticed a death yak
 14299 | D:11     | Noticed a death yak
 14300 | D:11     | Noticed a death yak
 14305 | D:11     | Found a staircase to the Lair.
 14305 | D:11     | Noticed a manticore
 14319 | D:11     | Killed a death yak
 14327 | D:11     | Killed a death yak
 14328 | D:11     | Reached XP level 12. HP: 60/112 MP: 20/20
 14332 | D:11     | Killed a death yak
 14349 | D:11     | Killed a death yak
 14349 | D:11     | Noticed a death yak
 14361 | D:11     | Killed a death yak
 14364 | D:11     | Killed a death yak
 14379 | D:11     | Noticed a death yak
 14382 | D:11     | Noticed a death yak
 14387 | D:11     | Killed a death yak
 14395 | D:11     | Killed a death yak
 14425 | D:11     | Acquired 919 gold pieces
 14688 | D:3      | Bought the +2 pair of gloves "Foabloc" {Regen+ Stlth+} for
                  | 340 gold pieces
 14874 | D:11     | Noticed a boulder beetle
 14880 | D:11     | Killed a boulder beetle
 14979 | D:11     | Noticed a centaur warrior
 14987 | D:11     | Killed a centaur warrior
 15044 | D:11     | Noticed a two-headed ogre
 15051 | D:11     | Killed a two-headed ogre
 15437 | Lair:1   | Entered Level 1 of the Lair of Beasts
 15597 | Lair:1   | Noticed Harold
 15601 | Lair:1   | Killed Harold
 15608 | Lair:1   | Noticed a boulder beetle
 15619 | Lair:1   | Killed a boulder beetle
 15762 | Lair:1   | Reached XP level 13. HP: 122/122 MP: 21/21
 15903 | Lair:1   | Identified the ring of Incredulity {*Corrode rN+ Str+5
                  | Int+2}
 15925 | Lair:1   | Gained Bladwarg as an ally
 15961 | Lair:1   | Noticed Amaemon
 15973 | Lair:1   | Killed Amaemon
 16057 | Lair:1   | Reached **** piety under Beogh
 16854 | Lair:1   | Reached skill level 15 in Fighting
 16936 | Lair:2   | Reached skill level 12 in Invocations
 17200 | Lair:2   | Found a staircase to the Snake Pit.
 17308 | Lair:2   | Reached skill level 13 in Invocations
 17905 | Lair:3   | Noticed Gastronok
 17909 | Lair:3   | Killed Gastronok
 18054 | Lair:3   | Found a staircase to the Shoals.
 18072 | Lair:3   | Reached skill level 14 in Invocations
 18211 | Lair:3   | Reached ***** piety under Beogh
 18412 | Lair:1   | Acquired 808 gold pieces
 18510 | Lair:3   | Found an ornate altar of the Wu Jian Council.
 18510 | Lair:3   | Found a hide-covered altar of Uskayaw.
 18517 | Lair:3   | Reached skill level 15 in Invocations
 19175 | Lair:4   | Found a viscous altar of Jiyva.
 19184 | Lair:4   | Found a staircase to the Slime Pits.
 19202 | Lair:4   | Reached XP level 14. HP: 135/135 MP: 25/25
 19269 | Lair:4   | Identified the +10 long sword "Leetuuc" {elec, MP+9 Int+3}
 19307 | Lair:4   | Found a transporter.
 19311 | Lair:4   | Found a transporter.
 19325 | Lair:4   | Noticed servayboy121's ghost (journeyman MiBe)
 19894 | Lair:5   | Entered Level 5 of the Lair of Beasts
 19967 | Lair:5   | Identified the +9 morningstar "Taziydag" {heavy, rPois
                  | Dex+2}
 20013 | Lair:5   | Reached skill level 5 in Dodging
 20872 | Lair:5   | Reached skill level 10 in Armour
 21569 | D:12     | Noticed a war gargoyle
 21587 | D:12     | Noticed a frost giant
 21589 | D:12     | Found a runed translucent gate.
 21589 | D:12     | Found a runed translucent gate.
 21589 | D:12     | Found a runed translucent gate.
 21590 | D:12     | Noticed Sabo's ghost (journeyman HOMo)
 21775 | D:12     | Noticed Maurice
 21792 | D:12     | Something stole 529 gold
 21799 | D:12     | Killed Maurice
 22528 | D:13     | Reached skill level 16 in Invocations
 22886 | D:13     | Gained Bogwald as an ally
 23701 | D:14     | Reached skill level 17 in Invocations
 23861 | D:14     | Found a hazy altar of Hepliaklqana.
 23941 | D:14     | Acquired a +2 lajatang of venom
 24081 | D:14     | Found a runed translucent gate.
 24082 | D:14     | Found a runed translucent gate.
 24082 | D:14     | Found a runed translucent gate.
 24098 | D:14     | Reached XP level 15. HP: 141/141 MP: 27/27
 24251 | D:14     | Found the +7 great mace "Firestarter" {flame, immolate,
                  | rFlCloud rF++}
 24254 | D:14     | Killed from afar by a fire dragon

Illustrated notes

Levels and vault maps discovered:
D:1:      roadster_arrival_rocket_small, layout_loops_ring
D:2:      layout_loops_ring, hellmonk_ecumenical_altar_defaced_shrine,
          serial_shops, nicolae_shop_behind_doors, nicolae_shop_statue_plus,
          serial_rivers, chequers_serial_rivers_micro_a,
          chequers_serial_rivers_micro_b, chequers_serial_rivers_micro_b,
          chequers_serial_rivers_small_a, chequers_serial_rivers_small_3,
          uniq_jessica
D:3:      layout_rooms, nicolae_ru_great_annihilating_truth, serial_shops, shop,
          st_stairs_9
D:4:      layout_loops_ring, nicolae_ossuary_entry_giza, serial_shops, shop
D:5:      kb_forest_paths, layout_basic, mainiacjoe_overflow_24_doors,
          minmay_temple_entry_tees, grunt_ministairs_13
D:6:      layout_cave_pools, nemelex_xobeh_ov_fountains_minmay
D:7:      layout_rooms, mainiacjoe_overflow_alcove_2, dk_xom_monty_hall,
          trog_book, nicolae_kite_square_tiling_tiny, uniq_crazy_yiuf_cottage,
          uniq_joseph
D:8:      layout_cave_pools, minmay_ruffians
D:9:      layout_basic, overflow_temple_1_default,
          mainiacjoe_overflow_tiny_flanked, uniq_jeremiah, uniq_psyche
D:10:     layout_roguey, orc_0_dummy, st_stairs_4
D:11:     hangedman_cross_stitches, layout_loops_corners, dpeg_lair_monsters,
          minmay_fractal_squares_diagonal_5, uniq_snorg
D:12:     layout_layer_cave, gammafunk_ghost_split, uniq_maurice
D:13:     layout_loops_ring, nooodl_orcs_dogs
D:14:     minmay_firetagon, layout_layer_cave, grunt_vaults_entry_tiered,
          gammafunk_ghost_crypt, nzn_hepliaklqana_mist_gate
Temple:   jpeg_temple_clearing
Lair:1:   layout_gridlike, st_stairs_6, chequers_serial_rivers_small_3,
          roderic_batcave, kennysheep_rathole, serial_bayou_shore_b,
          infiniplex_staircase_pool, uniq_harold, uniq_amaemon
Lair:2:   layout_layer_cave, minmay_snake_entry_guardpost_small
Lair:3:   lemuel_reptile_caves, layout_regular_city, elwin_shoals_entry_stream,
          nzn_masters_of_martial_movement, lemuel_fruit_tree,
          infiniplex_staircase_pool_2, uniq_gastronok
Lair:4:   layout_loops_ring, nicolae_slime_entry_field_trip,
          gammafunk_ghost_hive, chequers_serial_rivers_micro_e
Lair:5:   evilmike_catoblepas_cave, layout_small_grid

Skill      XL: |  1  2  3  4  5  6  7  8  9 10 11 12 13 14 |
---------------+-------------------------------------------+-----
Fighting       | 4 5 6 8 10 12 13 15 | 15.0
Axes           | 5 |  5.0
Necromancy     | 1 2 |  2.0
Armour         | 1 3 4 5 10 | 10.0
Dodging        | 3 4 5 |  5.0
Invocations    | 6 10 11 15 17 | 17.5
Staves         | 7 11 14 | 14.0

Action                     |  1- 3 |  4- 6 |  7- 9 | 10-12 | 13-15 || total
---------------------------+-------+-------+-------+-------+-------++-------
  Melee: Hand axe          |   123 |   161 |   213 |     9 |       ||   506
         Halberd           |       |       |   193 |       |       ||   193
         Quarterstaff      |       |       |       |   284 |     4 ||   288
         Unarmed           |       |       |       |     5 |       ||     5
         Lajatang          |       |       |       |   136 |   397 ||   533
   Fire: Sling             |     7 |    49 |     3 |       |       ||    59
         Orcbow            |       |       |    23 |    30 |       ||    53
         Arbalest          |       |       |       |    74 |     3 ||    77
 Invoke: Smiting           |       |       |     5 |    11 |     7 ||    23
         Give Item to Name |       |       |       |       |     2 ||     2
         Recall Orcish Fol |       |       |       |       |     2 ||     2
         Stop Recall       |       |       |       |       |     2 ||     2
  Evoke: Wand              |       |       |       |     1 |       ||     1
    Use: Scroll            |     1 |     4 |     3 |    10 |     9 ||    27
         Potion            |     1 |     3 |     3 |    11 |       ||    18
   Stab: Invisible         |       |     2 |       |       |       ||     2
         Distracted        |       |       |       |     1 |     6 ||     7
         Sleeping          |       |       |       |       |     2 ||     2
         Petrified         |       |       |       |       |     4 ||     4
 Armour: Robe              |    19 |       |       |       |       ||    19
         Leather armour    |    48 |    57 |       |    47 |       ||   152
         Chain mail        |       |    63 |   170 |       |       ||   233
         Plate armour      |       |       |   211 |       |       ||   211
         Steam dragon scal |       |       |       |   195 |       ||   195
         Skin              |       |       |       |    16 |       ||    16
         Troll leather arm |       |       |       |    73 |   288 ||   361
  Dodge: Dodged            |    62 |   112 |   181 |   394 |   261 ||  1010

Table legend: (Time is in decaauts)
 A = Elapsed time spent in this place.
 B = Non-inter-level travel time spent in this place.
 C = Inter-level travel time spent in this place.
 D = Time resting spent in this place.
 E = Time spent auto-exploring this place.
 F = Levels seen in this place.
 G = Mean time per level.
                   A        B        C        D        E       F      G
               +--------+--------+--------+--------+--------+-----+--------+
         Total |  24362 |  20803 |   3559 |   5032 |   9754 |  21 | 1160.1 |
       Dungeon |  18376 |  15671 |   2705 |   4679 |   6785 |  14 | 1312.6 |
        Temple |     85 |     80 |      5 |      0 |      0 |   1 |   85.0 |
          Lair |   5428 |   4580 |    848 |    195 |   2968 |   5 | 1085.6 |
       Ossuary |    473 |    473 |      0 |    158 |      0 |   1 |  473.0 |
               +--------+--------+--------+--------+--------+-----+--------+

Top non-repeatable levels by time:
    D:11: 1937 daAuts
     D:2: 1935 daAuts
     D:6: 1758 daAuts
     D:5: 1613 daAuts
     D:7: 1444 daAuts
     D:9: 1409 daAuts
    D:10: 1360 daAuts
     D:8: 1343 daAuts
  Lair:1: 1263 daAuts
    D:12: 1171 daAuts
     D:4: 1161 daAuts
  Lair:2: 1150 daAuts
  Lair:3: 1083 daAuts
  Lair:5: 1082 daAuts
     D:1: 1028 daAuts
